 Dungeon Crawl Stone Soup version 0.31-a0-774-g0d66cbabe8 (webtiles) character file.

Game seed: 17888880852391497230

65 cforsyth the Sneak (level 4, -4/37 HPs)
             Began as a Djinni Delver on Sept 17, 2023.
             Slain by a black bear (12 damage)
             ... on level 5 of the Dungeon.
             The game lasted 00:00:21 (129 turns).

cforsyth the Sneak (Djinni Delver)                   Turns: 129, Time: 00:00:21

Health: -4/37      AC:  3    Str: 11    XL:     4   Next: 34%
Gold:   30         EV: 12    Int: 14    God:
                   SH:  0    Dex: 14

rFire   + + .        a - +0 falchion
rCold   x . .        (no shield)
rNeg    . . .        b - +0 leather armour
rPois   ∞            (no helmet)
rElec   .            (no cloak)
rCorr   .            (no gloves)
SInv    .            (boots unavailable)
Will    .....        (no amulet)
Stlth   ++           (no ring)
HPRegen 0.26/turn    (no ring)
MPRegen 0.00/turn

%: infuse magic (-5 HP)
@: flying
A: sickness immunity, fire resistance 2, cold vulnerability 1, float, innate
caster, HP casting, extra vitality 1
a: no special abilities


You were on level 5 of the Dungeon.
You visited 1 branch of the dungeon, and saw 1 of its levels.

You collected 30 gold pieces.

Inventory:

Hand Weapons
 a - a +0 falchion (weapon)
Armour
 b - a +0 leather armour (worn)
Wands
 g - a wand of digging (3)
Scrolls
 c - a scroll of fog
 d - a scroll of revelation
 e - a scroll of fear
Potions
 f - a potion of haste


   Skills:
 + Level 4.0 Fighting
 - Level 1.7 Long Blades
 - Level 2.1 Dodging
 - Level 4.1 Stealth
 + Level 1.6 Spellcasting
 + Level 1.6 Conjurations
 + Level 1.6 Hexes
   Level 0.0 Charms
 + Level 1.6 Summonings
 + Level 1.6 Necromancy
 + Level 1.6 Translocations
 + Level 1.6 Transmutations
 + Level 1.6 Fire Magic
 + Level 1.6 Ice Magic
 + Level 1.6 Air Magic
 + Level 1.6 Earth Magic
 + Level 1.6 Poison Magic


You knew the following spells:

 Your Spells              Type           Power      Damage    Failure   Level
a - Apportation           Tloc           10%        N/A       17%         1
Your spell library was empty.

Dungeon Overview and Level Annotations

Branches:
Dungeon (5/15)
 Temple: D:4-7

Altars:


Innate Abilities, Weirdness & Mutations

You are immune to sickness and miasma.
You are immune to poison.
Your flesh is very heat resistant. (rF++)
You are vulnerable to cold. (rC-)
You float through the air rather than walking.
You learn spells naturally, not from books.
Your magical power is your life essence.
You have superior vitality. (+4 MHP)


Message History

The black bear bites you but does no damage.
The black bear claws you.
The black bear claws you but does no damage.
You hit the black bear.
The black bear is moderately wounded.
The black bear misses you. x2
The black bear claws you but does no damage.
You slash the black bear!
The black bear is severely wounded.
The black bear bites you. The black bear barely misses you.
The black bear closely misses you. The black bear bites you.
The black bear barely misses you.
The black bear claws you but does no damage.
You hit the black bear.
The black bear is severely wounded.
The black bear bites you. The black bear barely misses you.
The black bear claws you but does no damage.
You closely miss the black bear.
The black bear is severely wounded.
The black bear goes berserk!
You hit the black bear.
The black bear is almost dead.
The black bear barely misses you. The black bear claws you.
The black bear claws you but does no damage.
The black bear bites you! The black bear misses you.
The black bear barely misses you.
You are too injured to fight recklessly!
You are too injured to fight recklessly!
You are too injured to fight recklessly!
You are too injured to fight recklessly!
You are too injured to fight recklessly!
You are too injured to fight recklessly!
You are too injured to fight recklessly!
You barely miss the black bear.
The black bear is almost dead.
The black bear bites you.
* * * LOW HITPOINT WARNING * * *
The black bear closely misses you. The black bear barely misses you.
The black bear bites you!
You die...

###. ... #..###
#....##
###.....
......#
###.#.h###
#....@...+
#.#.#..###
#.#.#..#
#.#.#..# ###
#..#..# ..#
#.#..# ..#
##.#.#
#.###.##.###
#.#.###...###..


You could see a black bear (berserk).

Vanquished Creatures
  A hound (D:5)
  An orc wizard (D:5)
  An orc (D:5)
3 creatures vanquished.

Vanquished Creatures (others)
  An orc wizard (D:5)
1 creature vanquished.

Grand Total: 4 creatures vanquished

Notes
Turn   | Place    | Note
-------+----------+-------------------------------------------
     0 | D:5      | cforsyth the Djinni Delver began the quest for the Orb.
     0 | D:5      | Reached XP level 1. HP: 20/20 MP: 0/0
     8 | D:5      | Noticed an orc wizard
     8 | D:5      | Noticed an orc wizard
    32 | D:5      | Killed an orc wizard
    33 | D:5      | Reached XP level 2. HP: 17/25 MP: 0/0
    36 | D:5      | Reached skill level 1 in Spellcasting
    36 | D:5      | Reached skill level 1 in Conjurations
    36 | D:5      | Reached skill level 1 in Hexes
    36 | D:5      | Reached skill level 1 in Summonings
    36 | D:5      | Reached skill level 1 in Necromancy
    36 | D:5      | Reached skill level 1 in Translocations
    36 | D:5      | Reached skill level 1 in Transmutations
    36 | D:5      | Reached skill level 1 in Fire Magic
    36 | D:5      | Reached skill level 1 in Ice Magic
    36 | D:5      | Reached skill level 1 in Air Magic
    36 | D:5      | Reached skill level 1 in Earth Magic
    36 | D:5      | Reached skill level 1 in Poison Magic
    36 | D:5      | Reached XP level 3. HP: 21/31 MP: 0/0
    36 | D:5      | Learned a level 1 spell: Apportation
    88 | D:5      | Reached XP level 4. HP: 32/37 MP: 0/0
   116 | D:5      | Noticed a black bear
   129 | D:5      | Slain by a black bear

Illustrated notes

Levels and vault maps discovered:
D:5:      layout_loops_ring, grunt_ministairs_15

Skill      XL: |  1  2  3 |
---------------+----------+-----
Spellcasting   | 1 |  1.6
Conjurations   | 1 |  1.6
Hexes          | 1 |  1.6
Summonings     | 1 |  1.6
Necromancy     | 1 |  1.6
Translocations | 1 |  1.6
Transmutations | 1 |  1.6
Fire Magic     | 1 |  1.6
Ice Magic      | 1 |  1.6
Air Magic      | 1 |  1.6
Earth Magic    | 1 |  1.6
Poison Magic   | 1 |  1.6
Fighting       | 4 |  4.0
Long Blades    | |  1.7
Dodging        | |  2.1
Stealth        | |  4.1

Action                     |  1- 3 |  4- 6 || total
---------------------------+-------+-------++-------
  Melee: Falchion          |    11 |     7 ||    18
   Stab: Sleeping          |     1 |     1 ||     2
 Armour: Leather armour    |     9 |    14 ||    23
  Dodge: Dodged            |     4 |    11 ||    15

Table legend: (Time is in decaauts)
 A = Elapsed time spent in this place.
 B = Non-inter-level travel time spent in this place.
 C = Inter-level travel time spent in this place.
 D = Time resting spent in this place.
 E = Time spent auto-exploring this place.
 F = Levels seen in this place.
 G = Mean time per level.
                   A        B        C        D        E       F      G
               +--------+--------+--------+--------+--------+-----+--------+
         Total |    132 |    132 |      0 |      0 |     74 |   1 |  132.0 |
       Dungeon |    132 |    132 |      0 |      0 |     74 |   1 |  132.0 |
               +--------+--------+--------+--------+--------+-----+--------+

Top non-repeatable levels by time:
     D:5: 132 daAuts
